 Dungeon Crawl Stone Soup version 0.30-a0-313-gae38170b09 (webtiles) character file.

Game seed: 16782366669407268569

130 koil the Shooter (level 4, -1/23 HPs)
             Began as a Spriggan Hunter on Oct 26, 2022.
             Slain by an orc priest
             ... wielding a +1 hand axe of holy wrath
              (6 damage)
             ... on level 3 of the Dungeon.
             The game lasted 00:03:50 (1805 turns).

koil the Shooter (Spriggan Hunter)                  Turns: 1805, Time: 00:03:51

Health: -1/23      AC:  2    Str:  7    XL:     4   Next: 89%
Magic:  8/8        EV: 19    Int: 10    God:
Gold:   99         SH:  0    Dex: 20    Spells: 5/7 levels left

rFire   . . .      SeeInvis +    a - +0 shortbow
rCold   . . .      Faith    .    (shield currently unavailable)
rNeg    . . .      Spirit   .    c - +0 robe
rPois   .          Reflect  .    (helmet restricted)
rElec   .          Harm     .    (no cloak)
rCorr   .          Rampage  .    (gloves unavailable)
Will    .....                    (boots unavailable)
Stlth   +++.......               (no amulet)
HPRegen 0.23/turn                (no ring)
MPRegen 0.11/turn                (no ring)

@: very quick
A: very small, no large weapons, unfitting armour, see invisible, speed 3
a: no special abilities


You were on level 3 of the Dungeon.
You visited 1 branch of the dungeon, and saw 3 of its levels.

You collected 99 gold pieces.

Inventory:

Hand Weapons
 a - a +0 shortbow (weapon)
Missiles
 o - 6 poisoned darts
 r - 3 silver boomerangs
Armour
 c - a +0 robe (worn)
Jewellery
 f - a ring of ice
Scrolls
 b - 2 scrolls of immolation
 d - a scroll of torment {unknown}
 e - a scroll of enchant armour {unknown}
 i - a scroll of noise {unknown}
 m - 3 scrolls of identify {unknown}
 p - a scroll of silence {unknown}
 q - a scroll of fear {unknown}
Potions
 g - a potion of might
 h - 2 potions of heal wounds {unknown}
 j - 2 potions of lignification {unknown}
 k - 3 potions of magic {unknown}
 l - 2 potions of curing {unknown}
 n - 3 potions of flight {unknown}


   Skills:
 + Level 2.2 Fighting
 + Level 4.4 Ranged Weapons
 + Level 3.7 Dodging
 + Level 3.3 Stealth
 + Level 2.1 Spellcasting
 + Level 1.1 Fire Magic


You had 5 spell levels left.
You knew the following spells:

 Your Spells              Type           Power      Damage    Failure   Level
a - Scorch                Fire           6%         2d5       28%         2

Your spell library contained the following spells:

 Spells                   Type           Power      Damage    Failure   Level
 Flame Wave               Conj/Fire      2%         2d4       94%         4
 Summon Cactus Giant      Summ           0%         N/A       100%        6


Dungeon Overview and Level Annotations

Branches:
Dungeon (3/15)

Altars:

Shops:
D:2 *

Annotations:
D:3 3 runed translucent doors, Darkkill's ghost, amateur MiHu


Innate Abilities, Weirdness & Mutations

You are very small and have problems with some larger weapons.
You are too small for most types of armour.
You have supernaturally acute eyesight. (SInv)
You cover ground extremely quickly. (Speed+++)


Message History

The orc priest looks braver for a moment.
You shoot an arrow. The arrow hits the orc priest.
You kill the orc priest!
Your Spellcasting skill increases to level 2!
No target in view!
No target in view!
No target in view!
No target in view!
Magic restored.
An orc comes into view. It is wielding a +0 dagger.
The orc shouts!
You shoot an arrow. The arrow hits the orc.
The orc is heavily wounded.
You shoot an arrow. The arrow hits the orc.
The orc is almost dead.
An orc priest comes into view.
It is wielding a +1 hand axe of holy wrath.
You shoot an arrow. The arrow barely misses the orc priest.
You shoot an arrow. The arrow barely misses the orc priest.
The arrow barely misses the orc.
The orc priest looks satisfied for a moment.
You shoot an arrow. The arrow hits the orc priest.
The orc priest is moderately wounded.
You shoot an arrow.
The arrow hits the orc but does no damage.
The orc is almost dead.
The orc priest hits you with a +1 hand axe of holy wrath.
The orc completely misses you.
You shoot an arrow. The arrow hits the orc!
You kill the orc!
The orc priest calls down the wrath of Beogh upon you.
Beogh smites you!
Ouch! That really hurt!
* * * LOW HITPOINT WARNING * * *
You are too injured to fight recklessly!
You are too injured to fight recklessly!
You are too injured to fight recklessly!
You shoot an arrow. The arrow hits the orc priest.
The orc priest is heavily wounded.
The orc priest hits you with a +1 hand axe of holy wrath.
You die...

♣♣♣ .... #########
.....# #........
......##### #.(......
.....))@..###........
.....##o)............
... #...###........
.... #...###........
...##...#..........
#........#..........
#.##....#########..#
#.##....# #.#
##.[.....## #.#


You could see an orc priest.

Vanquished Creatures
  An orc priest (D:3)
  A hound (D:2)
  A worm (D:2)
  2 dart slugs (D:1)
  6 orcs (D:3)
  3 ball pythons
  5 endoplasms
  3 giant cockroaches (D:2)
  5 goblins
  7 hobgoblins
  A quokka (D:1)
  3 bats (D:1)
  5 frilled lizards
  7 kobolds
  7 rats
57 creatures vanquished.

Notes
Turn   | Place    | Note
-------+----------+-------------------------------------------
     0 | D:1      | koil the Spriggan Hunter began the quest for the Orb.
     0 | D:1      | Reached XP level 1. HP: 10/10 MP: 2/2
    78 | D:1      | Reached XP level 2. HP: 15/15 MP: 3/3
   355 | D:1      | Learned a level 2 spell: Scorch
   452 | D:1      | Reached skill level 1 in Spellcasting
   816 | D:2      | Reached XP level 3. HP: 18/18 MP: 5/5
   919 | D:2      | Found Xeupiuwka's General Store.
   922 | D:2      | Reached XP level 4. HP: 23/23 MP: 7/7
  1624 | D:3      | Found a runed translucent gate.
  1626 | D:3      | Found a runed translucent gate.
  1627 | D:3      | Found a runed translucent gate.
  1627 | D:3      | Noticed a kobold brigand
  1627 | D:3      | Noticed Darkkill's ghost (amateur MiHu)
  1632 | D:3      | Reached skill level 1 in Fire Magic
  1805 | D:3      | Slain by an orc priest

Illustrated notes

Levels and vault maps discovered:
D:1:      dpeg_arrival_court, layout_basic
D:2:      layout_loops_ring, serial_shops, shop, fountainhead
D:3:      layout_rooms, fedhas_altar_fruit_tree, gammafunk_ghost_nasty_kobolds,
          minmay_misc_feat_nine_boxes

Skill      XL: |  1  2  3  4 |
---------------+-------------+-----
Stealth        | 2 3 |  3.3
Dodging        | 3 |  3.7
Spellcasting   | 1 2 |  2.1
Fighting       | 2 |  2.2
Fire Magic     | 1 |  1.1
Ranged Weapons | |  4.4

Action                   |  1- 3 |  4- 6 || total
-------------------------+-------+-------++-------
 Fire: Shortbow          |    97 |    58 ||   155
Armor: Robe              |     1 |       ||     1
Dodge: Dodged            |    28 |     9 ||    37

Table legend: (Time is in decaauts)
 A = Elapsed time spent in this place.
 B = Non-inter-level travel time spent in this place.
 C = Inter-level travel time spent in this place.
 D = Time resting spent in this place.
 E = Time spent auto-exploring this place.
 F = Levels seen in this place.
 G = Mean time per level.
                   A        B        C        D        E       F      G
               +--------+--------+--------+--------+--------+-----+--------+
         Total |   1229 |   1216 |     13 |      0 |    929 |   3 |  409.7 |
       Dungeon |   1229 |   1216 |     13 |      0 |    929 |   3 |  409.7 |
               +--------+--------+--------+--------+--------+-----+--------+

Top non-repeatable levels by time:
     D:1: 512 daAuts
     D:2: 462 daAuts
     D:3: 254 daAuts
